 Dungeon Crawl Stone Soup version 0.21.0 (webtiles) character file.

179173 ponchio the Warrior (level 18, -8/120 HPs)
             Began as a Gargoyle Fighter on Jan 7, 2018.
             Was the Champion of the Shining One.
             Mangled by an iron troll (20 damage)
             ... on level 15 of the Dungeon.
             The game lasted 03:27:27 (40353 turns).

ponchio the Warrior (Gargoyle Fighter)             Turns: 40353, Time: 03:27:30

Health: -8/120     AC: 22    Str: 18    XL:     18   Next: 22%
Magic:  34/34      EV: 25    Int: 11    God:    the Shining One [******]
Gold:   1244       SH: 16    Dex: 21    Spells: 17/17 levels left

rFire    + . .     SeeInvis .   H - +4 flail
rCold    . . .     Gourm    .   c - +0 shield
rNeg     + + +     Faith    .   r - +1 robe of Gravitas {-Cast Regen+ Dex+6}
rPois    ∞         Spirit   .   (helmet restricted)
rElec    +         Reflect  +   R - scarf {repulsion}
rCorr    .         Harm     .   J - +2 pair of gloves
MR       +....     NoCast   +   E - +1 pair of boots
Stlth    +.........             M - +2 amulet of reflection
HPRegen  0.70/turn              F - ring of protection from fire
MPRegen  0.24/turn              t - ring of magical power

@: flying, hasted, glowing, repel missiles, very quick
A: big wings, horns 1, negative energy resistance 1, electricity resistance,
weak 1, unbreathing, petrification resistance, rot immunity, AC +13
a: Stop Flying, Divine Shield, Cleansing Flame, Summon Divine Warrior, Brand
Weapon With Holy Wrath, Renounce Religion


You were on level 15 of the Dungeon.
You worshipped the Shining One.
The Shining One was exalted by your worship.
You were not hungry.

You visited 7 branches of the dungeon, and saw 27 of its levels.
You also visited: Ice Cave and Volcano.

You collected 2571 gold pieces.
You spent 1327 gold pieces at shops.

Inventory:

Hand Weapons
 a - a +1 flail
 H - a +4 flail (weapon)
Armour
 c - a +0 shield (worn)
 p - the +1 ring mail "Uviownec" {+Blink rF+}
   (You found it on level 5 of the Dungeon)

   It protects you from fire.
   It lets you blink.
 q - a +1 hat
 r - the +1 robe of Gravitas (worn) {-Cast Regen+ Dex+6}
   (You bought it in a shop on level 2 of the Orcish Mines)

   It affects your dexterity (+6).
   It prevents spellcasting.
   It increases your rate of regeneration.
 E - a +1 pair of boots (worn)
 J - a +2 pair of gloves (worn)
 R - a scarf of repulsion (worn)
Jewellery
 j - an uncursed amulet of rage
 t - a ring of magical power (right hand)
 w - an uncursed ring of protection from magic {unknown}
 A - an uncursed ring of see invisible {unknown}
 F - a ring of protection from fire (left hand)
 L - an uncursed amulet of the gourmand
 M - a +2 amulet of reflection (around neck)
Wands
 b - a wand of paralysis (8)
 v - a wand of iceblast (6)
 x - a wand of disintegration (19)
 G - a wand of flame (46)
 P - a wand of acid (20)
Scrolls
 e - 8 scrolls of remove curse
 i - 3 scrolls of amnesia
 k - 4 scrolls of fog
 n - a scroll of summoning
 o - 5 scrolls of teleportation
 s - 20 scrolls of identify
 y - 3 scrolls of magic mapping
 z - a scroll of fear {unknown}
 D - 3 scrolls of enchant armour {unknown}
 K - a scroll of enchant weapon
Potions
 d - 4 potions of might
 g - 6 potions of berserk rage
 h - 2 potions of haste
 l - 3 potions of agility
 m - a potion of lignification
 u - a potion of ambrosia
 C - 2 potions of curing
 I - 2 potions of brilliance {unknown}
Comestibles
 f - 36 rations


   Skills:
 + Level 15.8 Fighting
 + Level 14.5 Maces & Flails
 - Level 3.2 Armour
 + Level 14.3 Dodging
 - Level 14.4 Shields
 - Level 10.1 Invocations


You had 17 spell levels left.
You didn't know any spells.

Dungeon Overview and Level Annotations

Branches:
Dungeon (15/15)            Temple (1/1) D:4            Lair (6/6) D:11
  Swamp (1/4) Lair:3        Snake (0/4) Lair:2        Slime (0/5) Lair:5
    Orc (2/2) D:10            Elf (1/3) Orc:2        Vaults (0/5) D:13
 Depths (1/5) D:15

Altars:
Ashenzari
Cheibriados
Dithmenos
Gozag
Makhleb
Nemelex Xobeh
Okawaru
Qazlal
Ru
Wu Jian
Xom
The Shining One
Jiyva

Shops:
D:5 *   D:9 *   D:10 (   D:13 [}   D:14 !   Orc:2 :*[(

Annotations:
D:8 skk's ghost, novice TrMo


Innate Abilities, Weirdness & Mutations

You are resistant to torment.
Your stone body is resilient. (AC +13)
You are immune to poison.
Your large and strong wings let you fly indefinitely.
You resist negative energy. (rN+)
You are resistant to electric shocks. (rElec)
You can survive without breathing.
You are immune to petrification.
You are immune to rotting.
You have a pair of small horns on your head.
You are weak. (Str -2)


Message History

The deep troll shaman is heavily wounded.
You block the iron troll's attack.
The iron troll claws you but does no damage.
The iron troll completely misses you.
You hit the deep troll shaman.
The deep troll shaman is severely wounded.
The deep troll shaman completely misses you.
You block the deep troll shaman's attack. x2
You hit the deep troll shaman but do no damage.
The deep troll shaman is severely wounded.
You block the iron troll's attack. The iron troll barely misses you.
The iron troll claws you!!
* * * LOW HITPOINT WARNING * * *
You feel better.
You block the deep troll shaman's attack.
The deep troll shaman claws you!
* * * LOW HITPOINT WARNING * * *
The deep troll shaman closely misses you.
You block the iron troll's attack. x2; The iron troll claws you!!
You die...

.# #......≈≈# ##.###..#.# #.#
.# #......≈## ##...##..#.# #.#
.# #).....## #.....#..#.# #.#
####.(....# #.....#....# #.#
...'......# #####...###.### #.#
####......###.####.## #.# #.#
########..##...###..###.# #.#
......###.##)...###...#.#####.#
......# #.#>[..T@.##..#.....#.#
......# #.##)..T#.##.#####.##.#
......# #..#...##...÷.# #.##.#
≈.≈#### ##.##.###..#.#####.##.#
.)≈# #.###########.....##.#
≈≈≈#######..........##.######.#
.............####.............#
≈≈≈#########^####.#.##.########
.....# #.##..........#


You could see an iron troll and a deep troll shaman.

Vanquished Creatures
  An orc warlord (Orc:1)
  A ghoul (Swamp:1)
  A stone giant (Depths:1)
  An ettin (Depths:1)
  Snorg (D:12)
  The ghost of Dirian the Carver, a journeyman MiFi of Ru (D:13)
  An ogre mage (D:15)
  Erolcha (Orc:2)
  Fannar (D:11)
  Harold (D:12)
  5 vault guards (D:13)
  8 hydras
  Erica (D:8)
  2 centaur warriors
  6 two-headed ogres
  A dancing weapon (Elf:1)
  An alligator (Swamp:1)
  3 orc high priests (Orc:2)
  5 tengu warriors
  9 death yaks
  2 deep elf knights (Elf:1)
  A fire crab (Volcano)
  5 skeletal warriors
  A glowing orange brain (Depths:1)
  2 fire crabs (shapeshifter) (D:15)
  4 hell knights (Depths:1)
  3 deep trolls
  An unseen horror (D:15)
  A swamp dragon (Lair:3)
  A lindwurm (Volcano)
  4 necromancers (Depths:1)
  Pikel (D:6)
  A harpy (shapeshifter) (D:13)
  An orb spider (shapeshifter) (D:15)
  4 orc knights
  7 deep elf magi
  24 ugly things
  2 oklob plants (Lair:3)
  5 orc sorcerers
  3 cyclopes
  3 manticores
  Maurice (D:7)
  3 ice statues (IceCv)
  2 black mambas
  21 spiny frogs
  4 gargoyles
  5 rime drakes
  A kobold demonologist (D:11)
  2 yaktaurs
  8 komodo dragons
  2 tengu conjurers
  A queen bee (shapeshifter) (D:15)
  A merfolk (shapeshifter) (D:15)
  8 trolls
  2 polar bears
  Prince Ribbit (D:5)
  4 tyrant leeches
  2 hornets
  44 blink frogs
  8 bog bodies
  13 slime creatures
  A meliai zombie (D:15)
  11 dream sheep
  7 hippogriffs
  Sigmund (D:5)
  4 water elementals
  3 wyverns
  8 fire bats (Volcano)
  64 yaks
  Grum (D:8)
  4 hogs (D:7)
  Eustachio (D:5)
  A steam dragon (Volcano)
  5 basilisks
  2 humans
  15 vampire mosquitoes
  5 hungry ghosts
  7 wargs
  7 nagas (Lair:2)
  5 swamp worms (Swamp:1)
  12 water moccasins
  3 hell hounds
  2 sky beasts
  8 porcupines
  A swamp drake (Swamp:1)
  A black bear (D:6)
  8 ice beasts
  37 orc warriors
  3 phantoms
  4 necrophages (Swamp:1)
  13 ogres
  4 slaves (D:6)
  An eye of draining (D:10)
  18 wolves
  3 boggarts (D:15)
  15 centaurs
  13 crocodiles
  A big kobold (D:13)
  A gnoll sergeant (D:5)
  30 bullfrogs
  An earth elemental (Elf:1)
  2 wyvern skeletons
  8 scorpions
  5 killer bees
  A vampire bat (D:5)
  3 wights (D:13)
  2 howler monkeys
  8 electric eels
  4 centaur zombies
  A bullfrog zombie (D:12)
  7 crimson imps
  3 jellies
  A quasit (D:15)
  5 hounds
  25 orc priests
  6 centaur skeletons
  A gnoll shaman (D:4)
  26 orc wizards
  9 iguanas
  4 hell rats (Lair:5)
  9 worker ants
  2 hound skeletons
  A worker ant zombie (D:8)
  7 gnolls (D:5)
  7 adders
  A shadow imp (D:15)
  12 white imps (Lair:4)
  4 oozes
  An adder zombie (D:5)
  An adder skeleton (D:5)
  A worm (D:4)
  3 dart slugs
  3 leopard geckos
  78 orcs
  2 ball pythons
  12 bats
  9 giant cockroaches
  6 goblins
  9 hobgoblins
  12 jackals
  7 kobolds
  7 quokkas
  5 frilled lizards
  8 rats
919 creatures vanquished.

Vanquished Creatures (others)
  A yaktaur (D:15)
  An orc warrior (Orc:2)
  A jackal (D:11)
  11 fungi
  46 plants
60 creatures vanquished.

Grand Total: 979 creatures vanquished

Notes
Turn   | Place    | Note
-------+----------+-------------------------------------------
     0 | D:1      | ponchio the Gargoyle Fighter began the quest for the Orb.
     0 | D:1      | Reached XP level 1. HP: 14/14 MP: 1/1
    28 | D:1      | Reached XP level 2. HP: 19/19 MP: 2/2
   500 | D:1      | Reached XP level 3. HP: 20/24 MP: 3/3
   513 | D:1      | Reached skill level 4 in Fighting
  1929 | D:2      | Reached XP level 4. HP: 20/30 MP: 4/4
  3341 | D:3      | Reached skill level 5 in Fighting
  3341 | D:3      | Reached XP level 5. HP: 31/35 MP: 5/5
  3628 | D:4      | Noticed an ogre
  3641 | D:4      | Reached XP level 6. HP: 14/40 MP: 6/6
  3950 | D:4      | Found a staircase to the Ecumenical Temple.
  3959 | Temple   | Entered the Ecumenical Temple
  3965 | Temple   | Became a worshipper of the Shining One
  4325 | D:4      | Reached skill level 6 in Fighting
  4325 | D:4      | Reached skill level 5 in Maces & Flails
  5339 | D:4      | Gained mutation: You are weak. (Str -2) [potion of mutation]
  5339 | D:4      | Gained mutation: You possess an exceptional clarity of mind. [potion of mutation]
  5339 | D:4      | Gained mutation: You have a pair of small horns on your head. [potion of mutation]
  5368 | D:5      | Entered Level 5 of the Dungeon
  5385 | D:4      | Reached XP level 7. HP: 29/47 MP: 7/7
  5577 | D:5      | Noticed Prince Ribbit
  5587 | D:5      | Killed Prince Ribbit
  5587 | D:5      | Reached skill level 7 in Fighting
  5591 | D:5      | Got a jewelled ring mail
  5745 | D:4      | Identified the +1 ring mail "Uviownec" {+Blink rF+} (You found it on level 5 of the Dungeon)
  6001 | D:5      | Reached XP level 8. HP: 53/53 MP: 8/8
  6012 | D:5      | Noticed Sigmund
  6013 | D:5      | Found Gozag's Platinum Reserve.
  6081 | D:5      | Found an opulent altar of Gozag.
  6085 | D:5      | Killed Sigmund
  6085 | D:5      | Reached skill level 8 in Fighting
  6095 | D:5      | Noticed Eustachio
  6095 | D:5      | Reached * piety under the Shining One
  6130 | D:5      | Found an iron altar of Okawaru.
  6132 | D:5      | Found an ornate altar of the Wu Jian Council.
  6132 | D:5      | Found a snail-covered altar of Cheibriados.
  6278 | D:5      | Killed Eustachio
  6585 | D:6      | Reached skill level 9 in Fighting
  6659 | D:6      | Reached XP level 9. HP: 58/60 MP: 9/9
  7887 | D:6      | Noticed Pikel
  7897 | D:6      | Killed Pikel
  7897 | D:6      | Reached skill level 10 in Fighting
  8062 | D:7      | Reached skill level 1 in Dodging
  8117 | D:7      | Found a burning altar of Makhleb.
  8268 | D:7      | Reached XP level 10. HP: 57/68 MP: 10/10
  8305 | D:7      | Reached skill level 5 in Dodging
  8847 | D:7      | Got a crystal hand crossbow
  9070 | D:7      | Identified the +6 hand crossbow of Diet Blood {velocity, rPois rC+ Int-5} (You found it on level 7 of the Dungeon)
  9697 | D:8      | Noticed Grum
  9697 | D:8      | Reached ** piety under the Shining One
  9715 | D:8      | Noticed Maurice
  9718 | D:8      | Noticed skk's ghost (novice TrMo)
  9725 | D:7      | Killed Maurice
 10209 | D:8      | Killed Grum
 10320 | D:8      | Noticed Erica
 10333 | D:8      | Killed Erica
 10488 | D:8      | Found a sacrificial altar of Ru.
 10509 | D:8      | You fall through a shaft!
 10838 | D:9      | Reached XP level 11. HP: 33/73 MP: 11/11
 11545 | D:9      | Found Joshivao's Assorted Antiques.
 11548 | D:9      | Bought a scroll of identify for 56 gold pieces
 11624 | D:9      | Noticed a two-headed ogre
 11634 | D:9      | Killed a two-headed ogre
 13617 | D:10     | Entered Level 10 of the Dungeon
 13638 | D:10     | Reached skill level 10 in Dodging
 13814 | D:10     | Reached *** piety under the Shining One
 13865 | D:10     | Found a staircase to the Orcish Mines.
 14231 | D:10     | Got a warped leather armour
 14249 | D:10     | Identified the cursed +1 leather armour "Hotraifu" {rCorr Int+2} (You found it on level 10 of the Dungeon)
 14866 | D:10     | Found Pokhopn's Weapon Shoppe.
 15966 | D:11     | Found a staircase to the Lair.
 15971 | D:11     | Noticed Fannar
 16461 | Orc:1    | Entered Level 1 of the Orcish Mines
 16856 | Orc:2    | Entered Level 2 of the Orcish Mines
 16864 | Orc:2    | Reached skill level 5 in Shields
 16872 | Orc:2    | Noticed Erolcha
 16902 | Orc:2    | Killed Erolcha
 17531 | Orc:2    | Found a staircase to the Elven Halls.
 17809 | Orc:2    | Noticed a cyclops
 17830 | Orc:2    | Killed a cyclops
 17830 | Orc:2    | Reached XP level 12. HP: 73/78 MP: 12/12
 18915 | Orc:2    | Noticed an orc warlord
 19147 | Orc:1    | Killed an orc warlord
 19473 | Orc:2    | Reached **** piety under the Shining One
 19808 | Orc:2    | Paralysed by an orc sorcerer for 4 turns
 19813 | Orc:2    | Paralysed by an orc sorcerer for 4 turns
 19935 | Orc:2    | Reached skill level 5 in Invocations
 20613 | Orc:2    | Noticed an orc high priest
 20932 | Orc:2    | Killed an orc high priest
 21180 | Orc:2    | Noticed an orc high priest
 21197 | Orc:2    | Noticed a soul eater
 21414 | Orc:2    | Killed an orc high priest
 21493 | Orc:2    | Lost mutation: You possess an exceptional clarity of mind. [a neqoxec]
 21828 | Orc:2    | Noticed an orc high priest
 22286 | Orc:2    | Killed an orc high priest
 22385 | Orc:2    | Reached skill level 11 in Fighting
 22431 | Orc:2    | Found Ewefavocw's Antique Armour Boutique.
 22432 | Orc:2    | Found Kubaorank's Antique Weapon Boutique.
 22435 | Orc:2    | Found Fuaff's General Store.
 22435 | Orc:2    | Found Leh Ela's Book Shop.
 22497 | Orc:2    | Bought a sheer robe for 199 gold pieces
 22507 | Orc:2    | Identified the +1 robe of Gravitas {-Cast Regen+ Dex+6} (You bought it in a shop on level 2 of the Orcish Mines)
 22639 | Orc:2    | Bought a potion of experience for 800 gold pieces
 22639 | Orc:2    | Reached skill level 10 in Shields
 22639 | Orc:2    | Reached XP level 13. HP: 84/84 MP: 18/18
 22709 | Elf:1    | Entered Level 1 of the Elven Halls
 22771 | Elf:1    | Reached skill level 10 in Maces & Flails
 22771 | Elf:1    | Gained mutation: Your large and strong wings let you fly indefinitely. [Gargoyle growth]
 22771 | Elf:1    | Reached XP level 14. HP: 71/90 MP: 19/19
 23204 | D:11     | Killed Fannar
 24102 | Lair:1   | Entered Level 1 of the Lair of Beasts
 25207 | Lair:2   | Found a staircase to the Snake Pit.
 25233 | Lair:2   | Reached skill level 12 in Fighting
 25323 | Lair:2   | Reached ***** piety under the Shining One
 25664 | Lair:2   | Found a dark tunnel.
 25686 | Volcano  | Entered a volcano
 25975 | Volcano  | Reached XP level 15. HP: 82/97 MP: 20/20
 27518 | Lair:3   | Found a staircase to the Swamp.
 27845 | Lair:3   | Reached skill level 13 in Fighting
 28045 | Lair:4   | Reached XP level 16. HP: 104/104 MP: 22/22
 28124 | Lair:4   | Found a frozen archway.
 28173 | IceCv    | Entered an ice cave
 29301 | IceCv    | Identified the Guide on the Rocks and Moulding
 30634 | Lair:5   | Reached ****** piety under the Shining One
 31047 | Lair:5   | Found a runed door.
 31047 | Lair:5   | Found a viscous altar of Jiyva.
 31047 | Lair:5   | Found a staircase to the Slime Pits.
 31429 | Lair:6   | Entered Level 6 of the Lair of Beasts
 32636 | Lair:6   | Reached skill level 10 in Invocations
 33126 | Lair:5   | Reached skill level 14 in Fighting
 33598 | Swamp:1  | Entered Level 1 of the Swamp
 34187 | Swamp:1  | HP: 1/106 [bog body] (25)]
 34193 | Swamp:1  | HP: 4/106 [bog body/bolt of cold (26)]
 34201 | Swamp:1  | HP: 1/106 [bog body/bolt of cold (11)]
 34814 | D:12     | Reached XP level 17. HP: 109/111 MP: 24/24
 35367 | D:12     | Noticed Snorg
 35383 | D:12     | Killed Snorg
 35762 | D:12     | Noticed Harold
 35790 | D:12     | Killed Harold
 35957 | D:13     | Found Uliklenu's Antique Armour Boutique.
 36111 | D:13     | Found Ciog's Gadget Shop.
 36526 | D:13     | Found a gate to the Vaults.
 36640 | D:13     | Identified a scroll of acquirement
 36798 | D:13     | Got an ichor-stained rapier
 36801 | D:13     | Identified the +6 rapier "Ceogolum" {drain, rC+ Int+4 Stlth+} (You found it on level 13 of the Dungeon)
 36882 | D:13     | Noticed Dirian's ghost (journeyman MiFi)
 36908 | D:13     | Killed Dirian's ghost
 37369 | D:14     | Found Ubem's Distillery.
 37374 | D:14     | Bought a potion of heal wounds for 80 gold pieces
 37374 | D:14     | Bought a potion of curing for 48 gold pieces
 37374 | D:14     | Bought a potion of curing for 48 gold pieces
 37374 | D:14     | Bought a potion of curing for 48 gold pieces
 37374 | D:14     | Bought a potion of curing for 48 gold pieces
 37891 | D:14     | Reached skill level 15 in Fighting
 37994 | D:15     | Entered Level 15 of the Dungeon
 39039 | D:15     | Found a staircase to the Depths.
 39449 | Depths:1 | Entered Level 1 of the Depths
 39544 | Depths:1 | Reached XP level 18. HP: 73/119 MP: 25/25
 39644 | Depths:1 | Found a shattered altar of Ashenzari.
 39696 | Depths:1 | Paralysed by an ogre mage for 5 turns
 40353 | D:15     | Mangled by an iron troll

Skill      XL: |  1  2  3  4  5  6  7  8  9 10 11 12 13 14 15 16 17 |
---------------+----------------------------------------------------+-----
Fighting       | 4 5 6 7 9 10 11 12 13 14 15 | 15.8
Maces & Flails | 3 4 5 6 8 9 10 11 12 14 | 14.5
Dodging        | 4 8 10 11 12 13 14 | 14.3
Shields        | 7 10 12 13 14 | 14.4
Invocations    | 7 8 10 | 10.1
Armour         | |  3.2

Action                   |  1- 3 |  4- 6 |  7- 9 | 10-12 | 13-15 | 16-18 || total
-------------------------+-------+-------+-------+-------+-------+-------++-------
Melee: Flail             |   136 |   174 |   190 |  1071 |   890 |  2859 ||  5320
       Headbutt          |       |     3 |    42 |   224 |   252 |   856 ||  1377
       Whip              |       |       |    60 |    69 |       |       ||   129
Invok: Divine Shield     |       |       |       |     1 |       |       ||     1
 Abil: Fly               |       |       |       |       |     1 |       ||     1
Evoke: Wand              |       |       |       |     8 |       |    15 ||    23
  Use: Scroll            |       |    10 |     3 |     4 |    11 |     6 ||    34
       Potion            |       |     1 |     1 |     7 |     2 |    16 ||    27
  Eat: Ration            |     1 |     1 |       |     6 |     1 |     3 ||    12
       Chunk             |       |     7 |    12 |    34 |    14 |    35 ||   102
Armor: Scale mail        |    73 |    25 |       |       |       |       ||    98
       Chain mail        |       |   105 |    12 |       |       |       ||   117
       Ring mail         |       |       |   111 |   317 |    30 |       ||   458
       Robe              |       |       |       |       |   157 |   507 ||   664
Dodge: Dodged            |    53 |    48 |   111 |   470 |   628 |  1834 ||  3144
       Deflected         |       |       |       |     8 |    15 |    32 ||    55
Block: Shield            |    76 |   109 |   135 |   625 |   767 |  2206 ||  3918
       Reflection        |       |       |       |    15 |    24 |    28 ||    67
